 Dungeon Crawl Stone Soup version 0.31-a0-986-g5e6e4ef867 (webtiles) character file.

Game seed: 2821328994359701788

5184 Demosthentine the Trooper (level 10, -1/80 HPs)
             Began as a Demonspawn Gladiator on Nov 8, 2023.
             Slain by GoblinPMC's ghost (12 damage)
             ... on level 8 of the Dungeon.
             The game lasted 00:13:13 (8292 turns).

Demosthentine the Trooper (Demonspawn Gladiator)    Turns: 8292, Time: 00:13:14

Health: -1/80      AC:  6    Str: 17    XL:     10   Next: 34%
Magic:  10/10      EV: 17    Int:  9    God:
Gold:   410        SH:  0    Dex: 19    Spells: 9/9 levels left

rFire   . . .        a - +0 trident (spect)
rCold   . . .        (no shield)
rNeg    + . .        c - +0 steam dragon scales
rPois   .            (helmet restricted)
rElec   +            (no cloak)
rCorr   .            (no gloves)
SInv    .            (no boots)
Will    +....        (no amulet)
Stlth   ++           h - ring "Xaulig" {rElec rN+ Will+ Dex+2 Slay+2}
HPRegen 0.33/turn    (no ring)
MPRegen 0.12/turn

%: no passive effects
@: mighty
A: horns 1, demonic guardian 1, foul stench 1, demonic touch 2
a: no special abilities


You were on level 8 of the Dungeon.
You visited 2 branches of the dungeon, and saw 9 of its levels.
You also visited: Sewer and Ossuary.

You collected 410 gold pieces.

Inventory:

Hand Weapons
 a - a +0 spectral trident (weapon)
Missiles
 d - 3 throwing nets (quivered)
 e - a javelin
Armour
 c - +0 steam dragon scales (worn)
 k - a +0 buckler
Jewellery
 h - the ring "Xaulig" (left hand) {rElec rN+ Will+ Dex+2 Slay+2}
   (You acquired it on level 1 of the Dungeon)

   [ring of willpower]

   Dex+2:     It affects your dexterity (+2).
   Slay+2:    It affects your accuracy & damage with ranged weapons and melee
   (+2).
   rElec:     It insulates you from electricity.
   rN+:       It protects you from negative energy.
   Will+:     It increases your willpower.
 m - a ring of flight
Wands
 n - a wand of roots (14)
 r - a wand of digging (4)
 x - a wand of flame (46)
 B - a wand of mindburst (15)
Scrolls
 f - a scroll of enchant armour
 p - 3 scrolls of fear
 t - 5 scrolls of teleportation
 u - a scroll of torment
 y - a scroll of poison
 A - a scroll of silence
Potions
 g - 2 potions of mutation
 i - a potion of might
 j - a potion of haste
 l - 2 potions of enlightenment
 o - 2 potions of magic
 q - 2 potions of berserk rage
 s - 4 potions of attraction
 v - 2 potions of heal wounds
 w - 4 potions of curing
 z - 2 potions of lignification


   Skills:
 + Level 7.8 Fighting
 + Level 7.4 Polearms
 - Level 1.7 Throwing
 - Level 6.2 Armour
 + Level 7.4 Dodging
 + Level 3.9 Shields


You had 9 spell levels left.
You didn't know any spells.
Your spell library contained the following spells:

 Spells                   Type           Power      Damage    Failure   Level
 Wereblood                Tmut           0%         N/A       52%         2
 Irradiate                Conj/Tmut      0%         3d11      100%        5


Dungeon Overview and Level Annotations

Branches:
Dungeon (8/15)             Temple (1/1) D:5           Sewer (visited)
Ossuary (visited)
   Lair: D:8-11

Altars:
Ashenzari
Dithmenos
Fedhas
Gozag
Kikubaaqudgha
Makhleb
Nemelex Xobeh
Okawaru
Qazlal
Ru
Sif Muna
Vehumet
Wu Jian
Xom

Shops:
D:2 (   D:6 *

Annotations:
D:1 1 transporter
D:8 1 transporter, GoblinPMC's ghost, novice MiFi


Innate Abilities, Weirdness & Mutations

You have a pair of small horns on your head.
A weak demonic guardian rushes to your aid.
You may rarely emit foul miasma when damaged in melee.
Your touch may inflict irresistible damage on your foes.


Message History

You feel very sick.
The killer bee is engulfed in dark miasma.
The killer bee is poisoned.
The killer bee seems to slow down.
The killer bee stings your shadow imp.
Your shadow imp is poisoned.
The killer bee poisons your shadow imp! The killer bee barely misses you.
GoblinPMC's ghost completely misses you.
The killer bee is engulfed in dark miasma.
The killer bee looks even sicker.
The killer bee seems to slow down.
The killer bee barely misses you. x2
Your shadow imp barely misses the killer bee.
Unknown command.
Unknown command.
You closely miss GoblinPMC's ghost.
GoblinPMC's ghost is almost destroyed.
Your +0 spectral trident hits GoblinPMC's ghost but does no damage.
You feel very sick. The killer bee barely misses you.
The killer bee is engulfed in dark miasma.
The killer bee looks even sicker.
The killer bee seems to slow down.
You kill the killer bee!
GoblinPMC's ghost hits you.
* * * LOW HITPOINT WARNING * * *
You emit a cloud of foul miasma!
The killer bee misses you.
Your shadow imp barely misses GoblinPMC's ghost.
You closely miss GoblinPMC's ghost. Your headbutt misses GoblinPMC's ghost.
Your touch misses GoblinPMC's ghost.
GoblinPMC's ghost is almost destroyed.
Your +0 spectral trident misses GoblinPMC's ghost.
You feel sick. The killer bee misses you. GoblinPMC's ghost hits you!
* * * LOW HITPOINT WARNING * * *
A demonic guardian appears!
Your shadow imp closely misses GoblinPMC's ghost.
The killer bee closely misses you.
It was a potion of curing.
You feel better.
Your +0 spectral trident disappears.
The killer bee stings you.
* * * LOW HITPOINT WARNING * * *
A demonic guardian appears!
GoblinPMC's ghost hits you!
You die...

......+..#####$yyyy#####..'##'#..
......#.###...#...#!..###........
......+[##..#..###..#.y##......##
........###...#...#.#.###......#
####'#)).# ###..# ### #.......#
#.##.###.#.#. .#.#!###...>..#
####.##.##..#.y###y.#..##......#
......+.###...#W5○#...###..<...#
####.##..#####.4@y5#####...)...#
#.##...#############..)....## ##
#.#..........©.............# .#
#.#.....#####.#####.(......# .#
#.#.....# #...........####
.###.#.<...# #######.....#
.'...#...#.# #....)######
.#########.# #.....'.....
.'......)#.### #.....######


You could see 3 killer bees, GoblinPMC's ghost (ally target), a friendly orange
demon (summoned), a friendly shadow imp (summoned, very poisoned) and a friendly
ufetubus (summoned).

Vanquished Creatures
  A vampire (D:8)
  2 steam dragons
  A wraith (Ossuary)
  Menkaure (D:7)
  3 water moccasins
  3 orc warriors
  3 black bears
  A sky beast (D:7)
  3 ice beasts
  4 ogres
  2 phantoms (D:5)
  A kobold brigand (D:8)
  A bullfrog (D:7)
  3 scorpions
  A gnoll sergeant (D:7)
  13 wights
  9 killer bees
  A howler monkey (D:8)
  3 hounds
  3 jellies
  7 orc priests
  6 iguanas
  11 orc wizards
  Terence (D:2)
  3 mummies (Ossuary)
  12 adders
  3 gnolls (D:3)
  5 river rats (Sewer)
  A shadow imp (D:5)
  A white imp (D:5)
  A worm (D:2)
  3 dart slugs
  32 orcs
  6 ball pythons
  8 endoplasms
  5 giant cockroaches
  10 goblins
  3 hobgoblins (D:2)
  9 quokkas
  7 bats
  7 frilled lizards
  3 goblin zombies
  3 hobgoblin zombies (Ossuary)
  10 kobolds
  A kobold zombie (Ossuary)
  9 rats
  A rat zombie (D:7)
227 creatures vanquished.

Vanquished Creatures (collateral kills)
  A scorpion (D:5)
  A wight (D:8)
2 creatures vanquished.

Grand Total: 229 creatures vanquished

Notes
Turn   | Place    | Note
-------+----------+-------------------------------------------
     0 | D:1      | Demosthentine the Demonspawn Gladiator began the quest for
                  | the Orb.
     0 | D:1      | Reached XP level 1. HP: 16/16 MP: 1/1
   205 | D:1      | Gained mutation: You may rarely emit foul miasma when
                  | damaged in melee. [demonic ancestry]
   205 | D:1      | Reached XP level 2. HP: 22/22 MP: 2/2
   433 | D:1      | Identified a scroll of acquirement
   433 | D:1      | Acquired the ring "Xaulig" {rElec rN+ Will+ Dex+2 Slay+2}
   557 | D:2      | Reached skill level 1 in Armour
   561 | D:2      | Discovered your monstrous ancestry.
   561 | D:2      | Gained mutation: Your touch may inflict minor irresistible
                  | damage on your foes. [demonic ancestry]
   561 | D:2      | Reached XP level 3. HP: 26/28 MP: 3/3
   699 | D:2      | Found Xuoskerph's Weapon Boutique.
   709 | D:2      | Reached XP level 4. HP: 24/34 MP: 4/4
   906 | D:2      | Noticed Terence
   913 | D:2      | Killed Terence
  1186 | D:3      | Found an ancient bone altar of Kikubaaqudgha.
  1351 | D:3      | Gained mutation: A weak demonic guardian rushes to your
                  | aid. [demonic ancestry]
  1351 | D:3      | Reached XP level 5. HP: 26/41 MP: 5/5
  1702 | D:3      | Found an opulent altar of Gozag.
  1768 | D:4      | Found a radiant altar of Vehumet.
  1773 | D:4      | Noticed an ogre
  1780 | D:4      | Killed an ogre
  1781 | D:4      | Gained mutation: Your touch may inflict irresistible damage
                  | on your foes. [demonic ancestry]
  1781 | D:4      | Reached XP level 6. HP: 37/47 MP: 6/6
  1883 | D:4      | Noticed an ice beast
  1890 | D:4      | Killed an ice beast
  2094 | D:4      | Gained mutation: You have a pair of small horns on your
                  | head. [demonic ancestry]
  2094 | D:4      | Reached XP level 7. HP: 47/54 MP: 7/7
  2692 | D:5      | Entered Level 5 of the Dungeon
  2754 | D:5      | Reached skill level 5 in Dodging
  2801 | D:5      | Found a glowing drain.
  2819 | Sewer    | Entered a sewer
  2938 | Sewer    | Reached skill level 5 in Polearms
  2956 | Sewer    | Reached XP level 8. HP: 61/61 MP: 8/8
  3067 | Sewer    | Reached skill level 5 in Fighting
  3349 | D:5      | Found an iron altar of Okawaru.
  4259 | D:5      | Found a staircase to the Ecumenical Temple.
  4269 | Temple   | Entered the Ecumenical Temple
  4363 | D:6      | Reached skill level 5 in Armour
  4525 | D:6      | Reached XP level 9. HP: 62/69 MP: 9/9
  4620 | D:6      | Found Sotz's CLEARANCE SALE!.
  4836 | D:6      | Found an ornate altar of the Wu Jian Council.
  4938 | D:6      | Reached skill level 1 in Shields
  5314 | D:7      | Found a sand-covered staircase.
  5326 | Ossuary  | Entered an ossuary
  6267 | D:7      | Noticed Menkaure
  6270 | D:7      | Killed Menkaure
  6652 | D:7      | Reached XP level 10. HP: 34/79 MP: 10/10
  7186 | D:8      | Noticed GoblinPMC's ghost (novice MiFi)
  7275 | D:8      | Found a transporter.
  7279 | D:8      | Found a transporter.
  7898 | D:8      | Identified the +1 spear of the Keeping Visionary {pain,
                  | Str+4}
  8291 | D:8      | HP: 3/80 [GoblinPMC's ghost (15)]
  8292 | D:8      | Slain by GoblinPMC's ghost

Illustrated notes

Levels and vault maps discovered:
D:1:      spicycebolla_arrival_risky_transporter, layout_basic
D:2:      layout_basic, serial_shops, nicolae_shop_bloodbath_and_beyond,
          uniq_terence
D:3:      layout_basic, pdpol_temple_overflow_zin_treasury_gozag_greed,
          mainiacjoe_overflow_brackets, mainiacjoe_overflow_cross_hatched,
          minmay_misc_feat_five
D:4:      layout_rooms, mainiacjoe_overflow_tiny_flanked,
          nicolae_houndstooth_variations
D:5:      layout_loops_ring, mainiacjoe_overflow_concentric_impassable,
          minmay_temple_entry_poolview, portal_sewer_entry_f
D:6:      layout_rooms, kennysheep_diamond, nicolae_shop_clearance
D:7:      kb_forest_paths, layout_cave_pools, enter_ossuary_4,
          nicolae_elevator_lobby_plus, uniq_menkaure
D:8:      layout_basic, gammafunk_ghost_hive
Temple:   hellmonk_temple_rainy

Skill      XL: |  1  2  3  4  5  6  7  8  9 10 |
---------------+-------------------------------+-----
Dodging        | 3 4 5 6 7 |  7.4
Polearms       | 3 4 5 6 7 |  7.4
Armour         | 1 2 3 5 6 |  6.2
Fighting       | 3 4 6 7 |  7.8
Shields        | 3 |  3.9
Throwing       | |  1.7

Action                     |  1- 3 |  4- 6 |  7- 9 | 10-12 || total
---------------------------+-------+-------+-------+-------++-------
  Melee: Trident           |    99 |    83 |   295 |    97 ||   574
         Punch             |     2 |       |     2 |       ||     4
         Touch             |     3 |    15 |    33 |    13 ||    64
         Headbutt          |       |       |    42 |    11 ||    53
  Throw: Throwing net      |       |       |     2 |       ||     2
    Use: Scroll            |     3 |     7 |    13 |     1 ||    24
         Potion            |     1 |     1 |     1 |     2 ||     5
   Stab: Sleeping          |     1 |     2 |     6 |     2 ||    11
         Distracted        |       |       |     2 |     1 ||     3
 Armour: Leather armour    |    45 |    29 |    56 |       ||   130
         Steam dragon scal |       |       |    36 |    32 ||    68
  Dodge: Dodged            |    35 |    41 |   112 |    54 ||   242

Table legend: (Time is in decaauts)
 A = Elapsed time spent in this place.
 B = Non-inter-level travel time spent in this place.
 C = Inter-level travel time spent in this place.
 D = Time resting spent in this place.
 E = Time spent auto-exploring this place.
 F = Levels seen in this place.
 G = Mean time per level.
                   A        B        C        D        E       F      G
               +--------+--------+--------+--------+--------+-----+--------+
         Total |   8353 |   8185 |    168 |    233 |   6340 |  11 |  759.4 |
       Dungeon |   7478 |   7310 |    168 |    233 |   5690 |   8 |  934.8 |
        Temple |      1 |      1 |      0 |      0 |      0 |   1 |    1.0 |
         Sewer |    520 |    520 |      0 |      0 |    377 |   1 |  520.0 |
       Ossuary |    353 |    353 |      0 |      0 |    273 |   1 |  353.0 |
               +--------+--------+--------+--------+--------+-----+--------+

Top non-repeatable levels by time:
     D:8: 1550 daAuts
     D:5: 1201 daAuts
     D:7: 1184 daAuts
     D:6: 841 daAuts
     D:3: 820 daAuts
     D:4: 771 daAuts
     D:2: 653 daAuts
   Sewer: 520 daAuts
     D:1: 455 daAuts
 Ossuary: 353 daAuts
  Temple: 1 daAuts
